 Dungeon Crawl Stone Soup version 0.20-a0-61-ga1b20b4 (webtiles) character file.

1876 KristoblXynda the Covert (level 9, 0/112 HPs)
             Began as a Naga Monk on Nov 17, 2016.
             Was a Priest of Cheibriados.
             Slain by an orc priest
             ... wielding a +0 spear
              (2 damage)
             ... on level 6 of the Dungeon.
             The game lasted 00:12:09 (5019 turns).

KristoblXynda the Covert (Naga Monk)                Turns: 5019, Time: 00:12:10

Health: 0/112      AC: 24    Str: 21    XL:     9   Next: 14%
Magic:  18/18      EV:  1    Int: 19    God:    Cheibriados [***...]
Gold:   66         SH:  0    Dex: 26    Spells: 0 memorised, 8 levels left

rFire  + . .     SeeInvis +     w - +0 halberd
rCold  . . .     Gourm    .     (armour currently unavailable)
rNeg   + + +     Faith    .     (shield currently unavailable)
rPois  +         Spirit   .     (helmet currently unavailable)
rElec  .         Reflect  .     (cloak currently unavailable)
rCorr  .         Harm     .     (gloves currently unavailable)
MR     +....     NoTele   +     (no barding)
Stlth  ++++++....               (no amulet)
                                o - ring of magical power
                                h - ring of protection from fire

@: agile, tree-form (expiring), very slightly contaminated, hasted, slow
A: see invisible, agile 1, blink, (deformed body), (poison resistance),
(slowness 0), slow metabolism 1, spit poison 1, subdued magic 1, AC +3
a: Spit Poison, Blink, Bend Time, Temporal Distortion, Renounce Religion


You were on level 6 of the Dungeon.
You worshipped Cheibriados.
Cheibriados was most pleased with you.
You were full.
You were a tree.
You visited 2 branches of the dungeon, and saw 7 of its levels.

You collected 266 gold pieces.
You spent 200 gold pieces at shops.

Inventory:

Hand Weapons
 w - a +0 halberd (weapon)
Missiles
 v - a javelin (quivered)
Armour
 b - a +0 robe (melded)
 e - a +2 hat (melded)
 f - a +0 cloak (melded)
Jewellery
 h - a ring of protection from fire (left branch)
 o - a ring of magical power (right branch)
Wands
 r - a wand of digging (11/24)
Scrolls
 a - 2 scrolls of remove curse
 j - a scroll of immolation
Potions
 t - 2 potions of mutation
Comestibles
 c - 5 bread rations
 i - 2 slices of pizza
 k - a meat ration
 l - 2 fruits


   Skills:
 - Level 3.0 Fighting
 + Level 7.4 Polearms
 + Level 2.1 Armour
 - Level 5.5 Dodging
 + Level 10.6 Stealth


You had 8 spell levels left.
You didn't know any spells.

Dungeon Overview and Level Annotations

Branches:
Dungeon (6/15)             Temple (1/1) D:5

Altars:
Ashenzari
Cheibriados
Hepliaklqana
Trog
Uskayaw
Zin

Shops:
D:5 (

Annotations:
D:6 Grinder


Innate Abilities, Weirdness & Mutations

You cannot wear boots.
((Your serpentine skin is tough. (AC +3)))
You have supernaturally acute eyesight. (SInv)
((Armour fits poorly on your strangely shaped body.))
((Your system is resistant to poisons. (rPois)))
((You cover ground very slowly.))
You have a slow metabolism.
You can spit poison.
You are agile. (Dex +2)
You can translocate small distances at will.
Your spells are a little easier to cast, but a little less powerful.


Message History

Press: ? - help, Dir - move target cursor, f/p - gnoll
Aim: a gnoll, wielding a halberd (heavily wounded)
You reach to attack!
You slash the gnoll!
You kill the gnoll!
The orc warrior hits you from afar with a halberd!
* * * LOW HITPOINT WARNING * * *
Attack whom?
Press: ? - help, Dir - move target cursor, f - orc warrior
Aim: an orc warrior, wielding a halberd, wearing a chain mail and wearing an encrusted sapphire ring You reach to attack!
You hit the orc warrior.
The orc warrior is lightly wounded.
The orc priest hits you but does no damage.
Attack whom?
Press: ? - help, Dir - move target cursor, f - orc priest, p - orc warrior
Aim: an orc priest, wielding a spear and wearing a ring mail You reach to attack!
You puncture the orc priest!
The orc priest is almost dead.
The orc warrior hits you but does no damage.
The orc priest hits you from afar with a spear.
You die...

#.........# ###.........#
...>........# ###.........#
########### #.........#
#.........# #.........#
#...(...[.# #.........#
#..)......#
#########.######...).....#
. .......oooo)♣.......>..#
.
.......5##o###....[....####
........##.# #............#
...........# #............#
....(..##### ##...#.......#
...(... #...#.#.....#
g...... #...#.#.....#
...... .....#.#.....#
###...#.#.....###


You could see Grinder, an orc warrior, an orc priest, an orc wizard (invisible)
and 2 orcs.

Vanquished Creatures
  Sigmund (D:4)
  Eustachio (D:4)
  Edmund (D:4)
  A sky beast (D:5)
  An orc warrior (D:6)
  An ice beast (D:5)
  A phantom (D:6)
  2 ogres (D:5)
  A centaur (D:6)
  A gnoll sergeant (D:6)
  2 scorpions
  A howler monkey (D:6)
  3 jellies
  2 bullfrog skeletons (D:5)
  2 hounds
  Crazy Yiuf (D:2)
  Jessica (D:2)
  Ijyb (D:2)
  Terence (D:3)
  2 iguanas
  Natasha (D:3)
  A worker ant (D:6)
  6 gnolls
  11 adders
  2 oozes
  An adder zombie (D:6)
  2 worms (D:2)
  2 dart slugs (D:2)
  3 leopard geckos
  9 orcs
  4 giant cockroaches
  7 goblins
  8 hobgoblins
  2 jackals
  A quokka (D:3)
  2 ball pythons
  3 bats
  3 frilled lizards
  A jackal skeleton (D:5)
  10 kobolds
  4 rats
110 creatures vanquished.

Notes
Turn   | Place    | Note
-------+----------+-------------------------------------------
     0 | D:1      | KristoblXynda the Naga Monk began the quest for the Orb.
     0 | D:1      | Reached XP level 1. HP: 21/21 MP: 1/1
    97 | D:1      | Reached XP level 2. HP: 12/28 MP: 2/2
   748 | D:2      | Reached skill level 4 in Stealth
   748 | D:2      | Reached XP level 3. HP: 24/34 MP: 3/3
   797 | D:2      | Noticed Ijyb
   848 | D:2      | Killed Ijyb
   848 | D:2      | Reached XP level 4. HP: 16/42 MP: 4/4
  1038 | D:2      | Reached skill level 5 in Stealth
  1248 | D:2      | Found a runed door.
  1252 | D:2      | Noticed Crazy Yiuf
  1262 | D:2      | Killed Crazy Yiuf
  1262 | D:2      | Reached XP level 5. HP: 20/49 MP: 5/5
  1590 | D:2      | Noticed Jessica
  1623 | D:2      | Killed Jessica
  2508 | D:3      | Noticed Terence
  2528 | D:3      | Killed Terence
  2528 | D:3      | Reached skill level 6 in Stealth
  2572 | D:3      | Reached XP level 6. HP: 55/56 MP: 6/6
  2597 | D:3      | Noticed Natasha
  2604 | D:3      | Killed Natasha
  2983 | D:4      | Noticed Edmund
  2990 | D:4      | Killed Edmund
  3159 | D:4      | Reached skill level 5 in Polearms
  3159 | D:4      | Reached skill level 7 in Stealth
  3159 | D:4      | Reached XP level 7. HP: 55/62 MP: 7/7
  3199 | D:4      | Noticed Sigmund
  3209 | D:4      | Killed Sigmund
  3544 | D:4      | Noticed Eustachio
  3557 | D:4      | Killed Eustachio
  3557 | D:4      | Reached skill level 8 in Stealth
  3611 | D:5      | Entered Level 5 of the Dungeon
  3675 | D:5      | Reached XP level 8. HP: 69/69 MP: 8/8
  3680 | D:5      | Gained mutation: Your mind is acute. (Int +2) [mutagenic meat]
  3681 | D:5      | Lost mutation: Your mind is acute. (Int +2) [mutagenic meat]
  3682 | D:5      | Gained mutation: You can translocate small distances at will. [mutagenic meat]
  3915 | D:5      | Reached skill level 5 in Dodging
  3915 | D:5      | Reached skill level 9 in Stealth
  4027 | D:5      | Found Nuishuruori's Antique Weapon Shop.
  4113 | D:5      | Found a staircase to the Ecumenical Temple.
  4148 | Temple   | Entered the Ecumenical Temple
  4175 | Temple   | Became a worshipper of Cheibriados the Contemplative
  4175 | Temple   | Reached * piety under Cheibriados
  4175 | Temple   | Reached ** piety under Cheibriados
  4317 | D:5      | Bought a runed quarterstaff for 200 gold pieces
  4412 | D:5      | Found a bloodstained altar of Trog.
  4700 | D:6      | Reached skill level 10 in Stealth
  4736 | D:6      | Reached skill level 1 in Armour
  4804 | D:6      | Reached *** piety under Cheibriados
  4804 | D:6      | Reached XP level 9. HP: 26/75 MP: 9/9
  4999 | D:6      | Noticed Grinder
  5006 | D:6      | Gained mutation: Your spells are a little easier to cast, but a little less powerful. [potion of mutation]
  5006 | D:6      | Gained mutation: You are agile. (Dex +2) [potion of mutation]
  5017 | D:6      | HP: 2/112 [orc warrior/halberd (7)]
  5019 | D:6      | Slain by an orc priest

Vault maps used:
D:1:      dpeg_arrival_stone_temple_mockup, serial_forest,
          infiniplex_forest_end_1, infiniplex_forest_lined_corner,
          infiniplex_forest_side_room, infiniplex_forest_clump_long,
          infiniplex_forest_lined_ring, infiniplex_forest_lined_room_2,
          infiniplex_forest_lined_room_2
D:2:      uniq_jessica, uniq_iyjb, uniq_crazy_yiuf_cottage
D:3:      first_bread, uniq_terence, uniq_natasha
D:4:      uniq_eustachio, uniq_edmund, uniq_sigmund
D:5:      serial_shops, nicolae_shop_trees, trog_hazing_becter
D:6:      uniq_grinder
Temple:   minmay_crystal_snake_temple

Skill      XL: |  1  2  3  4  5  6  7  8  9 |
---------------+----------------------------+-----
Stealth        | 4 5 6 7 8 10 | 10.6
Dodging        | 3 4 5 |  5.5
Polearms       | 4 5 7 |  7.4
Armour         | 1 2 |  2.1
Fighting       | |  3.0

Action                   |  1- 3 |  4- 6 |  7- 9 || total
-------------------------+-------+-------+-------++-------
Melee: Spear             |    81 |    97 |    21 ||   199
       Unarmed           |       |     3 |       ||     3
       Quarterstaff      |       |    60 |    70 ||   130
       Halberd           |       |       |   110 ||   110
Throw: Javelin           |       |       |    11 ||    11
 Abil: Spit Poison       |    14 |    15 |     3 ||    32
  Use: Scroll            |     2 |     6 |     2 ||    10
       Potion            |     4 |       |     7 ||    11
 Stab: Sleeping          |     1 |     8 |     2 ||    11
       Confused          |       |       |     1 ||     1
  Eat: Chunk             |       |     6 |     8 ||    14
       Beef jerky        |       |     1 |       ||     1
       Meat ration       |       |       |     1 ||     1
Armor: Ring mail         |    30 |    48 |    57 ||   135
       Skin              |       |       |    37 ||    37
Dodge: Dodged            |    40 |    69 |   121 ||   230
